 Dungeon Crawl Stone Soup version 0.31-a0-325-g067879e3d3 (webtiles) character file.

Game seed: 15512323256169862453

2748 Jackthecabe the Conjurer (level 9, 0/69 HPs)
             Began as a Mummy Reaver on July 18, 2023.
             Was a Believer of Ashenzari.
             Slain by a centaur
             ... wielding a +2 mace of holy wrath
              (9 damage)
             ... on level 9 of the Dungeon.
             The game lasted 00:31:17 (10578 turns).

Jackthecabe the Conjurer (Mummy Reaver)            Turns: 10578, Time: 00:31:18

Health: 0/69       AC:  4    Str: 10    XL:     9   Next: 41%
Magic:  13/13      EV: 12    Int: 16    God:    Ashenzari [**....]
Gold:   277        SH:  0    Dex: 11    Spells: 4/14 levels left

rFire   + + .        a - +2 spear (venom)
rCold   + . .        (no shield)
rNeg    + + +        o - +0 robe of the Marlin {rPois rF+++ Will- Str-5}
rPois   ∞            u - +0 helmet "I Knew You'd Do That" {Alch, Bglg} (curse)
rElec   .            (no cloak)
rCorr   .            (no gloves)
SInv    +            e - +0 pair of boots of the Manifest God {Dev, Alch} (curse)
Will    .....        (no amulet)
Stlth   +            Z - ring of the Manifest Welkin {Wiz, Fort, Elem} (curse)
HPRegen 0.31/turn    (no ring)
MPRegen 0.13/turn

%: faith, wizardry (x1)
@: no status effects
A: cold resistance 1, negative energy resistance 3, torment resistance 2, heat
vulnerability 1, in touch with death 1, no potions, faith
a: Renounce Religion, Shatter the Chains


You were on level 9 of the Dungeon.
You worshipped Ashenzari.
Ashenzari was pleased with you.
You visited 1 branch of the dungeon, and saw 9 of its levels.

You collected 442 gold pieces.
You spent 165 gold pieces at shops.


Innate Abilities, Weirdness & Mutations

You are immune to poison.
Your flesh is cold resistant. (rC+)
You are immune to negative energy. (rN+++)
You are immune to unholy pain and torment.
You are vulnerable to heat. (rF-)
You are in touch with the powers of death.
You do not drink.
You have a special connection with the divine. (Faith)


   Skills:
 - Level 6.0 Fighting
 - Level 4.3 Maces & Flails
 - Level 1.5 Dodging
 + Level 3.1 Spellcasting
 + Level 6.3(7.4) Conjurations
 - Level 4.0 Necromancy
 + Level 5.6(6.8) Ice Magic
 + Level 0.2(0.5) Air Magic


You had 4 spell levels left.
You knew the following spells:

 Your Spells              Type           Power      Damage    Failure   Level
s - Slow                  Hex            8%         N/A       8%          1
v - Vampiric Draining     Necr           22%        2d7       4%          3
X - Kiss of Death         Conj/Necr      100%       2d13      1%          1
Y - Momentum Strike       Conj/Tloc      28%        3d8       2%          2
Z - Hailstorm             Conj/Ice       25%        3d7       1%          3

Your spell library contained the following spells:

 Spells                   Type           Power      Damage    Failure   Level
 Iskenderun's Mystic Bla  Conj/Tloc      14%        2d5       16%         4
 Confusing Touch          Hex            2%         N/A       21%         3
 Portal Projectile        Hex/Tloc       4%         N/A       21%         3
 Tukima's Dance           Hex            2%         N/A       21%         3
 Call Canine Familiar     Summ           2%         N/A       22%         3
 Leda's Liquefaction      Hex/Erth       1%         N/A       54%         4

Inventory:

Hand Weapons
 a - a +2 spear of venom (weapon)
 g - a +1 dagger of draining
Missiles
 k - a throwing net {=f}
 l - 5 poisoned darts
Armour
 e - the cursed +0 pair of boots of the Manifest God (worn) {Dev, Alch}
   (You found it on level 2 of the Dungeon)

   It has a curse which improves the following skills: Devices: Evocations.
   Alchemy:   Poison Magic and Transmutations.
 n - a +1 leather armour of cold resistance
 o - the +0 robe of the Marlin (worn) {rPois rF+++ Will- Str-5}
   (You found it on level 5 of the Dungeon)

   Str:       It affects your strength (-5).
   rF:        It renders you almost immune to fire.
   rPois:     It protects you from poison.
   Will:      It decreases your willpower.
 p - a +0 pair of gloves of infusion
 u - the cursed +0 helmet "I Knew You'd Do That" (worn) {Alch, Bglg}
   (You found it on level 7 of the Dungeon)

   It has a curse which improves the following skills: Alchemy: Poison Magic and
   Transmutations.
   Beguiling: Conjurations, Hexes and Translocations.
Magical Staves
 q - a staff of cold {!a}
Jewellery
 Z - the cursed ring of the Manifest Welkin (left hand) {Wiz, Fort, Elem}
   (You found it on level 4 of the Dungeon)

   [ring of wizardry]

   It improves your spell success rate.
   It has a curse which improves the following skills: Fortitude: Armour and
   Shields.
   Elements:  Fire Magic, Ice Magic, Air Magic and Earth Magic.
Wands
 m - a wand of roots (7)
 r - a wand of charming (18)
Scrolls
 b - a scroll of fog
 d - 5 scrolls of poison
 f - 4 scrolls of fear
 h - 2 scrolls of enchant weapon
 i - 2 scrolls of blinking
 j - 2 scrolls of teleportation {@r2}
 s - 2 scrolls of immolation
 t - a scroll of butterflies

Dungeon Overview and Level Annotations

Branches:
Dungeon (9/15)             Temple (0/1) D:6            Lair (0/5) D:8
    Orc: D:9-12

Altars:
Ashenzari
Cheibriados
Dithmenos
Makhleb
Qazlal
Vehumet
Wu Jian

Shops:
D:3 *:   D:7 [

Annotations:
D:6 Dowan, Duvessa, Maggie

▒.▒▒.▒ ▒.▒▒......▒▒▒▒.▒▒...>.....
▒.▒▒.▒ ▒....▒.....)..............
▒.▒▒.▒ ▒▒▒▒▒▒..▒▒▒▒▒▒.▒▒.........
▒.▒▒.▒ ▒..▒ ▒▒.▒▒......... ▒.▒▒.▒
▒..▒▒▒▒▒...▒......... ▒.▒▒.▒
▒...............<....
▒.▒▒.▒▒▒▒▒▒▒▒..▒▒▒▒▒.....▒▒▒.▒..▒
▒.▒▒...........▒▒▒▒▒▒...........▒
▒...▒▒▒▒▒▒▒▒▒...@.▒ ▒....▒▒▒▒▒▒▒▒
▒...▒ ▒▒▒▒▒c▒ ▒.▒▒▒▒ ▒...▒ ▒.▒
▒.▒ ▒▒.▒▒ ▒.▒ ▒.▒ ** *** * *▒.▒
▒.▒ ▒.▒ ,,, ▒.▒ ▒.▒ ,,,, * ▒.▒
▒.▒ * * ▒.▒ ▒.▒ ▒.▒


You could see a centaur (extremely poisoned).


Message History

Aim: a centaur, wielding a +2 mace of holy wrath (68% to hit)
You throw a throwing net {=f}. The throwing net {=f} hits the centaur.
The centaur is caught in the net!
The centaur struggles against the net. x2
Unknown command.
You hit the centaur.
The centaur is poisoned.
The centaur is lightly wounded.
The centaur struggles against the net.
You hit the centaur.
The centaur looks as sick as possible!
The centaur is moderately wounded.
The centaur struggles against the net. x2
You hit the centaur.
The centaur looks as sick as possible!
The centaur is heavily wounded.
The centaur struggles against the net.
The net rips apart, and the centaur comes free!
The centaur misses you. The centaur kicks you.
You hit the centaur.
The centaur is severely wounded.
The centaur barely misses you. The centaur kicks you.
You barely miss the centaur.
The centaur is severely wounded.
The centaur hits you with a +2 mace of holy wrath!
* * * LOW HITPOINT WARNING * * *
You convulse!
* * * LOW HITPOINT WARNING * * *
The centaur barely misses you.
The centaur hits you with a +2 mace of holy wrath!
* * * LOW HITPOINT WARNING * * *
You convulse!
You die...

Skill      XL: |  1  2  3  4  5  6  7  8  9 |
---------------+----------------------------+-----
Maces & Flails | 3 4 |  4.3
Spellcasting   | 3 |  3.1
Necromancy     | 1 2 4 |  4.0
Fighting       | 3 4 6 |  6.0
Conjurations   | 3 5 6 |  6.3
Ice Magic      | 1 4 5 |  5.6
Dodging        | |  1.5
Air Magic      | |  0.2

Action                     |  1- 3 |  4- 6 |  7- 9 || total
---------------------------+-------+-------+-------++-------
  Melee: Mace              |   118 |     5 |       ||   123
         Punch             |     1 |     2 |     6 ||     9
         Dagger            |       |   276 |   331 ||   607
         Spear             |       |       |    48 ||    48
  Throw: Dart              |       |     1 |    21 ||    22
         Throwing net      |       |       |     1 ||     1
   Cast: Vampiric Draining |       |     6 |    21 ||    27
         Slow              |       |     3 |    21 ||    24
         Hailstorm         |       |       |     1 ||     1
 Invoke: Curse Item        |       |       |     3 ||     3
  Evoke: Wand              |       |       |     2 ||     2
    Use: Scroll            |       |     6 |     3 ||     9
   Stab: Distracted        |     1 |       |       ||     1
 Armour: Leather armour    |    26 |    49 |       ||    75
         Robe              |       |     1 |    79 ||    80
  Dodge: Dodged            |    98 |   164 |   233 ||   495

Levels and vault maps discovered:
D:1:      lightli_arrival_quake, layout_basic
D:2:      layout_basic, minmay_split_cup_small
D:3:      minmay_bubble_buster, layout_loops_corners, serial_shops,
          nicolae_shop_tiny_statue_garden, shop, chequers_serial_rivers_small_a
D:4:      layout_loops_ring, mainiacjoe_overflow_paths, nicolae_half_adder
D:5:      layout_basic, nicolae_overflow_two_pavilions, minmay_misc_feat_rugged,
          amcnicky_mini_corridor_feature, uniq_pikel, uniq_ijyb
D:6:      layout_basic, grunt_dithmenos_smoke_and_mirrors,
          nicolae_overflow_hidden_temple, minmay_temple_entry_ruins,
          grunt_decor_junction, uniq_maggie, uniq_duvessa
D:7:      layout_basic, nicolae_qazlal_scattered_showers, serial_shops,
          nicolae_shop_window_shopping, bh_walls_and_bars
D:8:      layout_rooms, lemuel_crystal_altar, nemelex_xobeh_ov_fountains_minmay,
          due_lair_maze_entry_diamond, nicolae_grassy_gnolls
D:9:      layout_loops_ring, minitemple

Notes
Turn   | Place    | Note
-------+----------+-------------------------------------------
     0 | D:1      | Jackthecabe the Mummy Reaver began the quest for the Orb.
     0 | D:1      | Reached XP level 1. HP: 16/16 MP: 4/4
   181 | D:1      | Reached XP level 2. HP: 17/22 MP: 5/5
   182 | D:1      | Reached skill level 3 in Maces & Flails
   435 | D:1      | Gained mutation: You are in touch with the powers of death.
                  | [Mummy growth]
   435 | D:1      | Reached XP level 3. HP: 25/27 MP: 7/7
   499 | D:1      | Learned a level 2 spell: Momentum Strike
   503 | D:1      | Learned a level 3 spell: Hailstorm
  1251 | D:2      | Identified the +0 leather armour of Vehumet's Approval
                  | {Harm}
  1469 | D:2      | Reached skill level 4 in Maces & Flails
  1569 | D:2      | Reached XP level 4. HP: 29/33 MP: 8/8
  1619 | D:2      | HP: 3/33 [gnoll/+0 spear (6)]
  2135 | D:3      | Found Focroh's Assorted Antiques.
  2841 | D:3      | Found Kyechepo's Book Emporium.
  3139 | D:3      | Reached skill level 3 in Spellcasting
  3398 | D:4      | Reached skill level 1 in Necromancy
  3398 | D:4      | Reached XP level 5. HP: 39/39 MP: 9/9
  3402 | D:4      | Learned a level 3 spell: Vampiric Draining
  3525 | D:4      | Found an ornate altar of the Wu Jian Council.
  3926 | D:4      | Reached skill level 3 in Fighting
  3926 | D:4      | Reached skill level 2 in Necromancy
  4366 | D:5      | Entered Level 5 of the Dungeon
  4445 | D:5      | Reached XP level 6. HP: 39/47 MP: 10/10
  4555 | D:5      | Found a broken altar of Ashenzari.
  4555 | D:5      | Found a burning altar of Makhleb.
  4560 | D:5      | Became a worshipper of Ashenzari the Shackled
  4590 | D:5      | HP: 1/47 [acid (8)]
  4850 | D:5      | Reached skill level 3 in Necromancy
  4852 | D:5      | Reached skill level 4 in Fighting
  5029 | D:5      | Noticed Ijyb
  5034 | D:5      | Learned a level 1 spell: Slow
  5048 | D:5      | Killed Ijyb
  5154 | D:5      | Identified the +0 robe of the Marlin {rPois rF+++ Will-
                  | Str-5}
  5236 | D:5      | Reached skill level 4 in Necromancy
  5323 | D:3      | Bought a pair of glowing gloves for 165 gold pieces
  5474 | D:5      | Reached XP level 7. HP: 49/55 MP: 5/11
  5656 | D:5      | Noticed Pikel
  5674 | D:5      | Killed Pikel
  5675 | D:5      | Reached skill level 6 in Fighting
  5675 | D:5      | Reached skill level 3 in Conjurations
  5675 | D:5      | Reached skill level 1 in Ice Magic
  5904 | D:6      | Noticed Dowan
  6013 | D:6      | Reached XP level 8. HP: 58/64 MP: 8/12
  6017 | D:6      | Reached skill level 2 in Ice Magic
  6224 | D:6      | Found a radiant altar of Vehumet.
  6362 | D:6      | Reached skill level 4 in Conjurations
  6488 | D:6      | Noticed Maggie
  6494 | D:6      | Found a staircase to the Ecumenical Temple.
  6531 | D:6      | Reached skill level 3 in Ice Magic
  6558 | D:6      | Found a shadowy altar of Dithmenos.
  7522 | D:6      | Noticed Duvessa
  7593 | D:7      | Found a stormy altar of Qazlal.
  7775 | D:7      | Reached skill level 4 in Ice Magic
  7775 | D:7      | Reached * piety under Ashenzari
  7993 | D:7      | Reached skill level 5 in Conjurations
  8034 | D:7      | Found Xegeiss's Antique Armour Shop.
  8727 | D:8      | Found a snail-covered altar of Cheibriados.
  9144 | D:8      | Reached XP level 9. HP: 54/69 MP: 6/13
  9376 | D:8      | Reached skill level 5 in Ice Magic
  9685 | D:8      | Reached skill level 6 in Conjurations
  9887 | D:8      | Found a staircase to the Lair.
  9910 | D:8      | Upgraded the game from 0.31-a0-321-g19405a7a6a to
                  | 0.31-a0-325-g067879e3d3
 10438 | D:9      | Reached ** piety under Ashenzari
 10578 | D:9      | Slain by a centaur

Vanquished Creatures
  Pikel (D:5)
  A yak (D:8)
  A water moccasin (D:8)
  An ice beast (D:6)
  A sky beast (D:6)
  5 black bears
  An ogre (D:6)
  A phantom (D:6)
  2 bullfrogs
  4 scorpions
  3 howler monkeys
  4 hounds
  A jelly (D:5)
  2 orc priests
  2 gnoll boudas
  Ijyb (D:5)
  2 sleepcaps
  4 iguanas
  An orc wizard (D:8)
  12 adders
  6 gnolls
  2 white imps (D:6)
  An ufetubus (D:6)
  3 dart slugs (D:1)
  14 orcs
  11 ball pythons
  4 endoplasms
  4 giant cockroaches
  4 goblins
  4 hobgoblins
  5 jackals
  5 kobolds
  6 quokkas
  7 bats
  5 frilled lizards
  7 rats
138 creatures vanquished.

Table legend: (Time is in decaauts)
 A = Elapsed time spent in this place.
 B = Non-inter-level travel time spent in this place.
 C = Inter-level travel time spent in this place.
 D = Time resting spent in this place.
 E = Time spent auto-exploring this place.
 F = Levels seen in this place.
 G = Mean time per level.
                   A        B        C        D        E       F      G
               +--------+--------+--------+--------+--------+-----+--------+
         Total |  10625 |   9870 |    755 |   2401 |   5097 |   9 | 1180.6 |
       Dungeon |  10625 |   9870 |    755 |   2401 |   5097 |   9 | 1180.6 |
               +--------+--------+--------+--------+--------+-----+--------+

Top non-repeatable levels by time:
     D:6: 1743 daAuts
     D:7: 1670 daAuts
     D:5: 1517 daAuts
     D:3: 1312 daAuts
     D:2: 1163 daAuts
     D:4: 1128 daAuts
     D:1: 998 daAuts
     D:8: 948 daAuts
     D:9: 141 daAuts

Table legend:
 A = Non-vault XP
 B = Vault XP
 C = Vault XP percentage of total XP
 D = Non-vault monster count
 E = Vault monster count
 F = Vault count percentage of total count
                 A         B        C        D         E       F
            +---------+---------+-------+---------+---------+-------
      Total |    1863 |    2064 |  52.6 |     100 |      38 |  27.5
            +---------+---------+-------+---------+---------+-------
        D:1 |      48 |       0 |   0.0 |      26 |       0 |   0.0
        D:2 |      80 |       5 |   5.9 |      18 |       3 |  14.3
        D:3 |      39 |      19 |  32.8 |      10 |      12 |  54.5
        D:4 |     102 |      67 |  39.6 |       8 |       5 |  38.5
        D:5 |     339 |     709 |  67.7 |      16 |       2 |  11.1
        D:6 |     816 |       0 |   0.0 |      12 |       0 |   0.0
        D:7 |     307 |     172 |  35.9 |       7 |       5 |  41.7
        D:8 |      78 |    1092 |  93.3 |       2 |      11 |  84.6
        D:9 |      54 |       0 |   0.0 |       1 |       0 |   0.0
            +---------+---------+-------+---------+---------+-------
